Map: Eastwatch LE

Players

Cesargg - Winner!

  • Race: Terran Terran
  • League: Silver
  • Spawn Location: 1:00

Infamous

  • Race: Terran Terran
  • League: Silver
  • Spawn Location: 7:00

VOD

Have the link to the VOD?

Description

Time

  • Played on: March 11, 2018, 3:05 p.m.
  • Length: 8:18
Show
View Real Time Build Order
Export as new Build Order

Cesargg Terran - Winner!

Build Orders: MMM Bio 

Get SALT Encoding   

  12  0:01  SCV  
  13  0:17  Supply Depot  
  13  0:18  SCV  
  14  0:30  SCV, Refinery  
  15  0:43  SCV  
  15  0:48  Barracks  
  16  0:55  SCV  
  17  1:02  Supply Depot  
  17  1:07  SCV  
  18  1:19  SCV  
  18  1:25  Barracks  
  19  1:33  SCV  
  19  1:35  Refinery  
  20  1:40  Reaper  
  20  1:45  Supply Depot  
  21  1:49  SCV  
  22  2:05  SCV  
  23  2:16  Barracks Reactor  
  23  2:34  Factory  
  23  2:36  Orbital Command  
  23  2:47  Barracks Tech Lab  
  23  2:59  Marine x2  
  23  3:02  Supply Depot  
  23  3:03  SCV  
  26  3:10  Supply Depot  
  26  3:17  Factory Tech Lab  
  26  3:22  Starport  
  26  3:23  SCV  
  27  3:32  Stimpack  
  27  3:35  SCV  
  27  3:41  Barracks  
  28  3:42  Siege Tank  
  28  3:46  Marine x3  
  34  4:03  Marine  
  34  4:04  Marine  
  36  4:37  Siege Tank  
  39  4:38  Starport Reactor  
  39  4:40  Barracks Reactor  
  39  4:47  Command Center  
  39  5:05  Marine x2  
  41  5:07  Marine  
  41  5:09  Siege Tank  
  45  5:23  Engineering Bay  
  45  5:24  SCV  
  45  5:27  Medivac  
  45  5:28  Medivac  
  50  5:32  Marine x3  
  50  5:33  Marine x2  
  55  5:37  Supply Depot  
  55  5:40  Supply Depot  
  55  5:41  Supply Depot  
  54  6:01  Medivac  
  54  6:02  Medivac  
  58  6:10  Combat Shields  
  58  6:15  Refinery  
  58  6:20  Orbital Command  
  58  6:23  Siege Tank  
  61  6:29  Marine x4  
  61  6:30  Marine  
  66  6:39  Refinery  
  66  6:41  Orbital Command  
  66  6:47  Marine x4  
  66  6:48  Marine  
  71  7:00  Siege Tank  
  74  7:03  Liberator  
  74  7:17  Marine x4  
  74  7:18  Marine  
  82  7:41  Siege Tank  
Show
View Real Time Build Order
Export as new Build Order

Infamous Terran 

Build Orders:  

Get SALT Encoding   

  12  0:01  SCV  
  14  0:14  SCV  
  14  0:18  Supply Depot  
  14  0:26  SCV  
  15  0:40  SCV  
  16  0:45  Barracks  
  16  0:52  SCV  
  17  1:07  SCV  
  17  1:08  Refinery  
  18  1:30  Supply Depot  
  18  1:36  SCV  
  18  1:38  Marine  
  20  1:46  Barracks  
  20  1:48  SCV  
  21  1:55  Engineering Bay  
  21  1:58  Marine  
  22  2:31  Reaper  
  22  2:35  Barracks Reactor  
  22  2:36  SCV  
  24  2:44  Refinery  
  24  2:52  Factory, SCV  
  25  3:04  Command Center  
  25  3:06  SCV  
  26  3:19  Orbital Command  
  26  3:21  Reaper  
  27  3:27  Reaper  
  27  3:33  Barracks Tech Lab  
  28  3:41  Hellion  
  30  3:47  Terran Infantry Weapons Level 1  
  30  3:51  SCV  
  31  4:05  Starport  
  31  4:16  Marine, Reaper  
  33  4:21  SCV  
  34  4:36  Hellion  
  36  4:38  Marine  
  36  4:40  Reaper  
  35  5:01  Medivac  
  37  5:13  Factory Tech Lab  
  37  5:35  Factory  
  37  5:46  Marauder  
  39  5:52  Combat Shields  
  39  5:55  Siege Tank  
  42  5:57  SCV  
  43  6:05  SCV  
  43  6:17  SCV  
  44  6:20  Marauder  
  46  6:38  Factory Tech Lab  
  46  6:46  Supply Depot  
  46  7:08  Siege Tank x2, SCV  
  53  7:09  Supply Depot x2  
  53  7:20  SCV  
  54  7:24  Starport  
  54  7:30  Viking  
  54  7:31  Marauder  
  54  7:32  Supply Depot x2  
  54  7:36  SCV  
  59  7:41  Refinery  
  59  7:48  SCV  
  59  7:51  Marine  
  61  7:52  Marine  
  61  7:56  Supply Depot  
Tags
 
Composition
MMM Bio
Matchup
TvT
Race
Terran
Replay Pack
Last Remnant (2)
Spawn Locations
Cross Positions
Add a new tag
Caveats
  • Supply blocks, unpowered buildings, or Contaminate may cause inaccurate times.
  • Supply counts are checked every 10 seconds.